 Dungeon Crawl Stone Soup version 0.32-a0-468-g38b2580 (webtiles) character file.

Game seed: 17798438754727387606

90621 Dorkslayer the Basher (level 15, -2/118 HPs)
             Began as a Demigod Fighter on Feb 24, 2024.
             Splashed by a goliath frog's acid (4 damage)
             ... on level 2 of the Swamp.
             The game lasted 01:19:26 (18564 turns).

Dorkslayer the Basher (Demigod Fighter)            Turns: 18564, Time: 01:19:27

Health: -2/118     AC: 30    Str: 33    XL:     15   Next: 11%
Magic:  18/18      EV: 16    Int: 15    God:
Gold:   1476       SH: 13    Dex: 23    Spells: 14/14 levels left

rFire   + + .        X - +7 war axe of the Muttering Gods {flame, rPois SInv}
rCold   . . .        b - +0 buckler
rNeg    . . .        P - +9 chain mail of Knowledge {*Slow rF+ Int+5 Slay+4}
rPois   +            S - +0 helmet
rElec   .            u - +1 cloak
rCorr   +            N - +0 pair of gloves
SInv    +            A - +0 pair of boots of Elyvilon's Benevolence {rF+ Regen+ rCorr}
Will    +....        E - amulet of reflection Stlth
                     J - +6 ring of dexterity
HPRegen 1.19/turn    G - +4 ring of protection
MPRegen 0.16/turn

%: slow self (1%), reflection
@: no status effects
A: high MP 1, forlorn, divine attributes
a: no special abilities


You were on level 2 of the Swamp.
You visited 5 branches of the dungeon, and saw 22 of its levels.
You also visited: Sewer and Bailey.

You collected 2677 gold pieces.
You spent 1201 gold pieces at shops.

Inventory:

Hand Weapons
 p - a +0 heavy war axe
 s - the +9 hammer "Axoosete" {venom, rElec rC+}
   (You found it on level 2 of the Dungeon)

   rC+:       It protects you from cold.
   rElec:     It insulates you from electricity.
 t - the +8 flail of Hacking and Slashing {antimagic, Will++}
   (You bought it in a shop on level 2 of the Orcish Mines)

   Will++:    It greatly increases your willpower.
 w - a +2 flail of holy wrath
 B - a +4 war axe of protection
 Q - a +1 war axe of electrocution
 X - the +7 war axe of the Muttering Gods (weapon) {flame, rPois SInv}
   (You found it on level 5 of the Lair of Beasts)

   rPois:     It protects you from poison SInv: It lets you see invisible.
Missiles
 h - 18 boomerangs (quivered)
 K - 12 curare-tipped darts
Armour
 b - a +0 buckler (worn)
 u - a +1 cloak (worn)
 A - the +0 pair of boots of Elyvilon's Benevolence (worn) {rF+ Regen+ rCorr}
   (You bought it in a shop on level 4 of the Dungeon)

   rF+:       It protects you from fire.
   Regen+:    It increases your rate of health regeneration.
   rCorr:     It protects you from acid and corrosion.
 N - a +0 pair of gloves (worn)
 O - a +0 plate armour
 P - the +9 chain mail of Knowledge (worn) {*Slow rF+ Int+5 Slay+4}
   (You took it off a gnoll sergeant on level 7 of the Dungeon)

   Int+5:     It affects your intelligence (+5).
   Slay+4:    It affects your accuracy & damage with ranged weapons and melee
   (+4).
   rF+:       It protects you from fire.
   *Slow:     It may slow you when you take damage.
 S - a +0 helmet (worn)
Jewellery
 o - a ring of poison resistance
 E - an amulet of reflection (around neck)
 G - a +4 ring of protection (right hand)
 J - a +6 ring of dexterity (left hand)
 R - a ring of protection from cold
Talismans
 H - a blade talisman
 Y - a granite talisman
Wands
 k - a wand of charming (10)
 y - a wand of flame (59)
 I - a wand of digging (7)
 M - a wand of mindburst (14)
 V - a wand of iceblast (11)
Scrolls
 d - 5 scrolls of enchant armour
 e - 2 scrolls of butterflies
 f - a scroll of amnesia
 g - 5 scrolls of immolation
 i - 4 scrolls of teleportation
 l - 4 scrolls of fear
 q - 4 scrolls of fog
 C - 2 scrolls of poison
 D - 2 scrolls of blinking
 F - 6 scrolls of identify
 W - a scroll of silence
Potions
 a - 2 potions of resistance
 c - 2 potions of might
 j - 3 potions of mutation
 n - 4 potions of enlightenment
 r - 5 potions of brilliance
 v - 6 potions of ambrosia
 z - a potion of magic
 L - a potion of invisibility
 T - 2 potions of berserk rage
 U - 2 potions of cancellation
Miscellaneous
 m - a phantom mirror


   Skills:
 + Level 7.5 Fighting
 + Level 3.4(8.0) Axes
 + Level 11.3(11.6) Maces & Flails
 + Level 1.4 Throwing
 + Level 8.1 Armour
 * Level 9.6 Dodging
 + Level 1.5 Stealth
 + Level 9.7 Shields
 * Level 10.3 Unarmed Combat
 * Level 8.9 Evocations
 * Level 8.5 Shapeshifting


You had 14 spell levels left.
You didn't know any spells.
Your spell library contained the following spells:

 Spells                   Type           Power      Damage    Failure   Level
 Freeze                   Ice            0%         1d3       67%         1
 Magic Dart               Conj           0%         1d3       67%         1
 Shock                    Conj/Air       0%         1d3       67%         1
 Blink                    Tloc           0%         N/A       80%         2
 Lesser Beckoning         Tloc           0%         N/A       80%         2
 Momentum Strike          Conj/Tloc      0%         3d8       80%         2
 Searing Ray              Conj           0%         2d4       80%         2
 Frozen Ramparts          Ice            0%         1d1       95%         3
 Gell's Gravitas          Tloc           0%         N/A       95%         3
 Hailstorm                Conj/Ice       0%         3d5       95%         3
 Swiftness                Air            0%         N/A       95%         3
 Teleport Other           Tloc           0%         N/A       95%         3
 Airstrike                Air            0%         2d(0-16)  100%        4
 Animate Dead             Necr           0%         N/A       100%        4
 Fulminant Prism          Conj/Alch      0%         3d5       100%        4
 Borgnjor's Vile Clutch   Necr/Erth      0%         N/A       100%        5
 Death Channel            Necr           0%         N/A       100%        6


Dungeon Overview and Level Annotations

Branches:
Dungeon (12/15)            Temple (1/1) D:6            Lair (5/5) D:8
  Swamp (2/4) Lair:2        Snake (0/4) Lair:3        Slime (0/5) Lair:4
    Orc (2/2) D:9             Elf (0/3) Orc:2         Sewer (visited)
 Bailey (visited)

Shops:
D:4 [   D:5 *   Orc:2 [[=:*(:


Innate Abilities, Weirdness & Mutations

You have an increased reservoir of magic. (+10% MP)
You shall have no god before yourself.
Your divine heritage dramatically boosts your attributes as you level up.


Message History

a +0 quarterstaff; a +0 robe The goliath frog closely misses you.
The swamp dragon attacks as it pursues you!
The swamp dragon misses you. The swamp dragon barely misses you.
The swamp dragon tramples you but does no damage.
The goliath frog misses you.
Your unstable footing causes you to fumble your attack.
The swamp dragon misses you. The swamp dragon claws you!
You block the swamp dragon's attack. You block the goliath frog's attack.
The swamp dragon attacks as it pursues you!
The swamp dragon bites you but does no damage.
The swamp dragon claws you but does no damage.
The swamp dragon tramples you.
You hold your ground!
The goliath frog attacks as it pursues you!
The goliath frog barely misses you. x2; The goliath frog closely misses you.
The swamp dragon bites you. The swamp dragon completely misses you.
You block the swamp dragon's attack. You block the goliath frog's attack.
The goliath frog completely misses you. The swamp dragon closely misses you.
The swamp dragon barely misses you. The swamp dragon tramples you.
You stumble backwards!
You can't go up here!
You slash the swamp dragon! You burn the swamp dragon.
The swamp dragon is moderately wounded.
The goliath frog hits you from afar!
* * * LOW HITPOINT WARNING * * *
You are splashed with acid.
You resist.
* * * LOW HITPOINT WARNING * * *
The swamp dragon bites you but does no damage.
You block the swamp dragon's attack. The swamp dragon tramples you!
* * * LOW HITPOINT WARNING * * *
You hold your ground!
Okay, then.
Blink to where?
Press: ? - help, Dir - move target An alligator comes into view.
As you read the scroll of blinking, it crumbles to dust.
You block the goliath frog's attack. The goliath frog hits you from afar!
* * * LOW HITPOINT WARNING * * *
You are splashed with acid.
You resist.
You die...

♣♣♣.. ~~♣♣..~~~~~ .~~~.
♣♣♣♣♣♣ ......~~.~ ~.~~§.>
♣§~.~♣ §^.~~<..~.. ..~~~.~
~...~♣ ~.~~~.~~~.♣ ..~~~~~
~~.♣♣♣♣♣.§~~~§§~§♣♣..~~§§~
~~~...♣♣.~~.~~§~♣♣~..~~~~~
~~~~~~~♣.~~..~§~.♣....~~~.
~~~~~.♣♣ ♣..~~§~@.~.....~~
§~~~.♣♣ ♣♣.~§§)~.~~.~~~~~
.~~§.♣♣ ♣♣.~FF~~.♣.l~§~~
.~~~~)♣ ♣♣.D§~~.♣ ...~~
♣~§~~~♣ ♣♣<♣~..♣♣ ~..~
♣♣.~~.♣ ♣§.....~♣ ~.~
♣♣♣♣♣♣ ♣♣...÷...♣ .~ ♣
♣...§....♣ ~ ♣ ♣♣♣♣
♣~.~~~~..♣


You could see a swamp dragon (strong), an alligator and 2 goliath frogs.

Vanquished Creatures
  2 eleionomae
  Snorg (D:10)
  2 dire elephants (Lair:5)
  3 bunyips
  6 hydras
  A rakshasa (D:9)
  4 alligators
  A catoblepas (Lair:5)
  2 two-headed ogres
  A tengu warrior (D:9)
  7 death yaks
  The ghost of arrowsters the Fighter, a novice OnMo of Beogh (D:6)
  2 boulder beetles
  4 orc high priests (Orc:2)
  A spectral death yak (Lair:5)
  2 skysharks
  A spectral anaconda (Lair:5)
  5 goliath frogs
  An obsidian statue (Lair:5)
  A spriggan druid (Swamp:2)
  4 bog bodies
  3 necromancers (Lair:5)
  2 orc knights (Bailey)
  A lindwurm (Lair:4)
  The ghost of Remcycle the Cleaver, a novice DrMo of Okawaru (D:6)
  An ugly thing (D:7)
  A cyclops (D:9)
  4 orc sorcerers (Orc:2)
  Maurice (D:9)
  A slime creature (D:9)
  26 elephants
  6 black mambas
  14 cane toads
  A dire elephant skeleton (Lair:5)
  An unseen horror (D:10)
  7 komodo dragons
  4 kobold demonologists
  5 rime drakes
  3 red devils (Orc:2)
  4 trolls
  3 tyrant leeches
  Prince Ribbit (D:6)
  2 polar bears
  4 blink frogs (Lair:4)
  9 dream sheep
  Sigmund (D:5)
  3 wraiths
  A shadow (D:10)
  75 yaks
  9 wyverns
  6 basilisks
  3 wargs
  An unseen horror simulacrum (D:9)
  2 steam dragons
  2 vampire mosquitoes (D:11)
  A death yak simulacrum (Lair:5)
  2 spectral cane toads (Lair:5)
  18 water moccasins
  5 swamp worms
  3 acid dragons
  Duvessa (D:7)
  38 orc warriors
  An elephant zombie (Lair:5)
  8 ice beasts
  3 sky beasts
  6 ogres
  5 wolves
  2 phantoms (D:6)
  An elephant skeleton (Lair:5)
  12 bullfrogs
  2 brain worms (Sewer)
  8 kobold brigands
  5 scorpions
  4 gnoll sergeants
  A cane toad simulacrum (Lair:5)
  A wight (D:9)
  Dowan (D:7)
  An elephant simulacrum (Lair:5)
  8 killer bees
  11 howler monkeys
  2 electric eels
  13 hounds
  2 bombardier beetles
  5 gnoll boudas
  47 orc priests
  Crazy Yiuf (D:2)
  5 iguanas
  Terence (D:3)
  A sleepcap (D:6)
  5 hell rats (Lair:1)
  31 orc wizards
  33 gnolls
  9 adders
  4 river rats (Sewer)
  2 shadow imps
  5 white imps
  6 ufetubi
  A ribbon worm (D:3)
  2 dart slugs
  85 orcs
  11 ball pythons
  7 bats
  5 endoplasms
  6 giant cockroaches
  7 goblins
  4 hobgoblins
  27 kobolds
  8 quokkas
  11 frilled lizards
  5 rats
759 creatures vanquished.

Vanquished Creatures (others)
  2 orc wizards
2 creatures vanquished.

Grand Total: 761 creatures vanquished

Notes
Turn   | Place    | Note
-------+----------+-------------------------------------------
     0 | D:1      | Dorkslayer the Demigod Fighter began the quest for the Orb.
     0 | D:1      | Reached XP level 1. HP: 18/18 MP: 3/3
   515 | D:1      | Reached XP level 2. HP: 25/25 MP: 4/4
  1173 | D:2      | Reached XP level 3. HP: 30/30 MP: 5/5
  1188 | D:2      | Reached skill level 1 in Dodging
  1635 | D:2      | Found a runed translucent door.
  1638 | D:2      | Identified the +9 hammer "Axoosete" {venom, rElec rC+}
  1661 | D:2      | Noticed Crazy Yiuf
  1665 | D:2      | Killed Crazy Yiuf
  1666 | D:2      | Reached XP level 4. HP: 22/37 MP: 6/6
  2021 | D:3      | Found a glowing drain.
  2028 | Sewer    | Entered a sewer
  2226 | Sewer    | Noticed a brain worm
  2235 | Sewer    | Killed a brain worm
  2236 | Sewer    | Reached skill level 1 in Maces & Flails
  2236 | Sewer    | Reached skill level 1 in Shapeshifting
  2236 | Sewer    | Reached XP level 5. HP: 25/44 MP: 3/7
  2369 | Sewer    | Reached skill level 2 in Maces & Flails
  2369 | Sewer    | Reached XP level 6. HP: 16/51 MP: 5/8
  2887 | D:3      | Noticed Terence
  2894 | D:3      | Killed Terence
  3558 | D:4      | Reached skill level 3 in Maces & Flails
  3558 | D:4      | Reached XP level 7. HP: 52/57 MP: 9/9
  3773 | D:4      | Found Leaqimn's Antique Armour Boutique.
  3791 | D:4      | Bought a pair of dazzling boots for 218 gold pieces
  3791 | D:4      | Identified the +0 pair of boots of Elyvilon's Benevolence
                  | {rF+ Regen+ rCorr} (You bought it in a shop on level 4 of
                  | the Dungeon)
  4162 | D:5      | Entered Level 5 of the Dungeon
  4223 | D:5      | Noticed Sigmund
  4234 | D:5      | Killed Sigmund
  4292 | D:5      | Found Otaal's Assorted Antiques.
  4378 | D:5      | Reached skill level 4 in Maces & Flails
  4630 | D:5      | Bought a short ivory wand for 120 gold pieces
  4638 | D:6      | Reached XP level 8. HP: 54/63 MP: 10/10
  4691 | D:6      | Reached skill level 1 in Evocations
  4728 | D:6      | Found a staircase to the Ecumenical Temple.
  4734 | Temple   | Entered the Ecumenical Temple
  4762 | D:6      | Noticed Prince Ribbit
  4780 | D:6      | Killed Prince Ribbit
  4824 | D:6      | Reached skill level 5 in Armour
  5057 | D:6      | Found a runed translucent gate.
  5057 | D:6      | Found a runed translucent gate.
  5057 | D:6      | Found a runed translucent gate.
  5072 | D:6      | Noticed arrowsters's ghost (novice OnMo)
  5072 | D:6      | Noticed Remcycle's ghost (novice DrMo)
  5242 | D:6      | Killed arrowsters's ghost
  5243 | D:6      | Reached skill level 5 in Maces & Flails
  5243 | D:6      | Reached skill level 5 in Unarmed Combat
  5243 | D:6      | Reached XP level 9. HP: 70/71 MP: 11/11
  5263 | D:6      | Killed Remcycle's ghost
  5357 | D:7      | Noticed a brown ugly thing
  5368 | D:7      | Killed a brown ugly thing
  5391 | D:7      | Noticed Duvessa
  5403 | D:7      | Noticed Dowan
  5408 | D:7      | Killed Duvessa
  5420 | D:7      | Killed Dowan
  5565 | D:7      | Reached skill level 6 in Maces & Flails
  5571 | D:7      | Reached XP level 10. HP: 76/80 MP: 13/13
  5710 | D:7      | Reached skill level 5 in Shields
  6176 | D:7      | Identified the +9 chain mail of Knowledge {*Slow rF+ Int+5
                  | Slay+4}
  6237 | D:7      | Reached skill level 5 in Dodging
  6889 | D:8      | Reached skill level 7 in Maces & Flails
  6910 | D:8      | Found a transporter.
  6914 | D:8      | Found a transporter.
  6966 | D:8      | Found a transporter.
  6967 | D:8      | Found a transporter.
  7090 | D:8      | Reached skill level 5 in Fighting
  7112 | D:8      | Found a staircase to the Lair.
  7130 | D:8      | Reached skill level 5 in Shapeshifting
  7366 | D:9      | Noticed a tengu warrior
  7375 | D:9      | Noticed a two-headed ogre
  7376 | D:9      | Noticed a rakshasa
  7381 | D:9      | Reached XP level 11. HP: 56/86 MP: 14/14
  7383 | D:9      | Killed a tengu warrior
  7392 | D:9      | Killed a two-headed ogre
  7403 | D:9      | Killed a rakshasa
  7404 | D:9      | Reached skill level 5 in Evocations
  7500 | D:9      | Noticed a boulder beetle
  7512 | D:9      | Killed a boulder beetle
  7535 | D:9      | Reached skill level 1 in Stealth
  7790 | D:9      | Found a staircase to the Orcish Mines.
  7921 | D:9      | Noticed Maurice
  7934 | D:9      | Killed Maurice
  8279 | D:10     | Entered Level 10 of the Dungeon
  8309 | D:10     | Found a flagged portal.
  8321 | Bailey   | Entered a bailey
  8342 | Bailey   | Reached skill level 8 in Maces & Flails
  8575 | Bailey   | Identified the +6 triple crossbow of Joureg {flame, rF+
                  | rC+}
  8576 | Bailey   | Noticed an orc knight
  8576 | Bailey   | Noticed an orc knight
  8586 | Bailey   | Killed an orc knight
  8594 | Bailey   | Killed an orc knight
  8992 | D:10     | Reached XP level 12. HP: 95/95 MP: 15/15
  9146 | D:10     | Noticed Snorg
  9162 | D:10     | Killed Snorg
  9764 | D:11     | Reached skill level 1 in Throwing
 10299 | Orc:1    | Entered Level 1 of the Orcish Mines
 10379 | Orc:1    | Reached skill level 9 in Maces & Flails
 10714 | Orc:2    | Entered Level 2 of the Orcish Mines
 10826 | Orc:2    | Found Xacu's Distillery.
 10969 | Orc:2    | Found Ovixzuk's Antique Armour Shoppe.
 11005 | Orc:2    | Found a staircase to the Elven Halls.
 11064 | Orc:2    | Bought a potion of magic for 96 gold pieces
 11064 | Orc:2    | Bought a potion of invisibility for 96 gold pieces
 11064 | Orc:2    | Bought a potion of curing for 36 gold pieces
 11064 | Orc:2    | Bought a potion of berserk rage for 60 gold pieces
 11064 | Orc:2    | Bought a potion of resistance for 120 gold pieces
 11064 | Orc:2    | Bought 2 potions of cancellation for 192 gold pieces
 11117 | Orc:2    | Found Paclik's Armour Shop.
 11705 | Orc:2    | Found Bowk's Book Shop.
 11705 | Orc:2    | Found Byocaunuwax's Antique Weapon Boutique.
 11937 | Orc:2    | Reached XP level 13. HP: 99/103 MP: 16/16
 12001 | Orc:2    | Found Mosefel's General Store.
 12001 | Orc:2    | Found Nitwofupt's Jewellery Shop.
 12014 | Orc:2    | Bought an ichor-stained flail for 263 gold pieces
 12014 | Orc:2    | Identified the +8 flail of Hacking and Slashing {antimagic,
                  | Will++} (You bought it in a shop on level 2 of the Orcish
                  | Mines)
 12074 | Orc:2    | Found Qayzxel's Book Boutique.
 12418 | Lair:1   | Entered Level 1 of the Lair of Beasts
 13325 | Lair:2   | Found a staircase to the Swamp.
 13340 | Lair:2   | Reached skill level 10 in Maces & Flails
 14601 | Lair:3   | Found a staircase to the Snake Pit.
 15187 | Lair:4   | Found a staircase to the Slime Pits.
 15362 | Lair:4   | Reached XP level 14. HP: 111/111 MP: 17/17
 15920 | Lair:5   | Entered Level 5 of the Lair of Beasts
 16126 | Lair:5   | Reached skill level 11 in Maces & Flails
 17112 | Lair:5   | Reached skill level 10 in Unarmed Combat
 17191 | Lair:5   | Identified the +5 mace "Lebohuq" {flame, Stlth+}
 17317 | Lair:5   | Identified the +7 war axe of the Muttering Gods {flame,
                  | rPois SInv}
 17477 | Swamp:1  | Entered Level 1 of the Swamp
 17646 | Swamp:1  | Reached skill level 1 in Axes
 18267 | Swamp:2  | Reached XP level 15. HP: 113/118 MP: 18/18
 18564 | Swamp:2  | HP: 2/118 [goliath frog (15)]
 18564 | Swamp:2  | Splashed by a goliath frog's acid

Illustrated notes

Levels and vault maps discovered:
D:1:      sevenhm_arrival_forest_fort_small_4, layout_loops_corners,
          chequers_serial_rivers_micro_a, minmay_pentomino_w2
D:2:      layout_basic, uniq_crazy_yiuf_cottage
D:3:      layout_loops_cross, cheibrodos_sewer_entry_bend,
          minmay_misc_feat_five, uniq_terence
D:4:      layout_cave_pods, hellmonk_sif_muna_bookshelves, serial_shops, shop,
          nrook_mini_backslash, minmay_box_of_dots
D:5:      layout_rooms, okawaru_metal_pillars_1_2, grunt_qazlal_clouds,
          serial_shops, nicolae_stop_n_shop_1,
          serial_library_hellmonk_secret_room, uniq_sigmund
D:6:      layout_basic, mainiacjoe_overflow_brackets, general_overflow_altar,
          minmay_temple_entry_ruins, gammafunk_ghost_cemetery,
          uniq_prince_ribbit1
D:7:      lemuel_castle_with_subvaults [lemuel_castle_interior_carwin_2],
          layout_loops_ring, amcnicky_altar_gilded, nicolae_vehumet_radiance,
          slow_altar_1, dreamdust_gnoll_shepherd, uniq_duvessa
D:8:      layout_gridville, hellmonk_lair_entry_icy, nicolae_transporter_circle
D:9:      minmay_the_grid_plus [minmay_the_grid_odd_star, minmay_the_grid_mess,
          minmay_the_grid_dragon_a, minmay_the_grid_small_cups,
          minmay_the_grid_prize_inner_circle], layout_loops_cross,
          trog_butcher_becter, hiddenorc2_lemuel, uniq_maurice
D:10:     layout_loops_ring, nicolae_overflow_two_pavilions,
          overflow_temple_1_default, enter_bailey_5, uniq_snorg
D:11:     layout_roguey, minmay_misc_feat_columns
D:12:     layout_cave_pools, kennysheep_diamond, nicolae_uskayaw_en_pointe
Temple:   nicolae_temple_ecumenical_triangle
Lair:1:   layout_long_grid, grunt_megastairs_1, serial_bayou_shore_a
Lair:2:   layout_cave_pods, skrybe_swamp_entry_bodies,
          infiniplex_staircase_pool_2
Lair:3:   layout_roguey, minmay_snake_entry_six_corridors
Lair:4:   layout_roguey, slime_entry_1, grunt_megastairs_3
Lair:5:   due_jungle_book, layout_loops_ring
Swamp:1:  layout_falls_marsh, evilmike_swamp_ruin_house_3, swamp_pool_1_2
Swamp:2:  layout_basic_swamp, evilmike_swamp_ruin_house_2
Orc:1:    layout_caves
Orc:2:    st_orc_mages, layout_caves, basic_altar, serial_shops, shop,
          nicolae_shop_window_shopping, shop, shop,
          einodemon_armed_red_devil_minivault

Skill      XL: |  1  2  3  4  5  6  7  8  9 10 11 12 13 14 15 |
---------------+----------------------------------------------+-----
Armour         | 3 4 5 6 7 8 |  8.1
Unarmed Combat | 2 3 4 5 6 7 8 9 10 | 10.3
Shields        | 3 4 5 6 7 8 9 |  9.7
Dodging        | 1 2 3 4 5 6 7 8 9 |  9.6
Maces & Flails | 1 2 3 4 5 6 7 8 9 10 11 | 11.3
Shapeshifting  | 1 2 3 4 5 6 7 8 |  8.5
Fighting       | 3 4 5 6 7 |  7.5
Evocations     | 2 3 4 5 6 7 8 |  8.9
Stealth        | 1 |  1.5
Throwing       | 1 |  1.4
Axes           | 2 3 |  3.4

Action                     |  1- 3 |  4- 6 |  7- 9 | 10-12 | 13-15 || total
---------------------------+-------+-------+-------+-------+-------++-------
  Melee: Unarmed           |   149 |       |       |       |       ||   149
         Mace              |     2 |   169 |   238 |   993 |   966 ||  2368
         Flail             |       |       |       |       |    43 ||    43
         War axe           |       |       |       |       |   185 ||   185
  Throw: Boomerang         |       |       |     2 |    28 |     1 ||    31
         Dart              |       |       |       |     6 |       ||     6
         Throwing net      |       |       |       |     2 |       ||     2
  Evoke: Wand              |       |       |     1 |    23 |     5 ||    29
    Use: Scroll            |       |    15 |     2 |    11 |     6 ||    34
         Potion            |       |     5 |     1 |     6 |     2 ||    14
   Stab: Invisible         |       |       |       |     4 |       ||     4
         Petrified         |       |       |       |       |     3 ||     3
 Armour: Scale mail        |   104 |    92 |    50 |       |       ||   246
         Chain mail        |       |       |   150 |   678 |   726 ||  1554
         Plate armour      |       |       |       |    62 |       ||    62
  Dodge: Dodged            |    58 |    59 |   138 |   443 |   650 ||  1348
  Block: Buckler           |    36 |    24 |   130 |   640 |   689 ||  1519
         Reflection        |       |       |       |    19 |     4 ||    23

Table legend: (Time is in decaauts)
 A = Elapsed time spent in this place.
 B = Non-inter-level travel time spent in this place.
 C = Inter-level travel time spent in this place.
 D = Time resting spent in this place.
 E = Time spent auto-exploring this place.
 F = Levels seen in this place.
 G = Mean time per level.
                   A        B        C        D        E       F      G
               +--------+--------+--------+--------+--------+-----+--------+
         Total |  18987 |  18800 |    187 |    418 |   6256 |  24 |  791.1 |
       Dungeon |   9380 |   9244 |    136 |     11 |   3426 |  12 |  781.7 |
        Temple |     25 |     25 |      0 |      0 |      0 |   1 |   25.0 |
          Lair |   5034 |   4984 |     50 |      0 |   1921 |   5 | 1006.8 |
         Swamp |   1197 |   1197 |      0 |    146 |    381 |   2 |  598.5 |
  Orcish Mines |   2075 |   2075 |      0 |    106 |    339 |   2 | 1037.5 |
         Sewer |    978 |    978 |      0 |    155 |    188 |   1 |  978.0 |
        Bailey |    295 |    295 |      0 |      0 |      0 |   1 |  295.0 |
               +--------+--------+--------+--------+--------+-----+--------+

Top non-repeatable levels by time:
  Lair:5: 1415 daAuts
   Orc:2: 1337 daAuts
     D:7: 1287 daAuts
     D:9: 1042 daAuts
   Sewer: 978 daAuts
  Lair:3: 974 daAuts
     D:1: 960 daAuts
  Lair:2: 944 daAuts
    D:10: 918 daAuts
     D:2: 915 daAuts
  Lair:1: 914 daAuts
 Swamp:1: 837 daAuts
     D:3: 819 daAuts
  Lair:4: 784 daAuts
    D:11: 783 daAuts
